 Dungeon Crawl Stone Soup version 0.23.1 (webtiles) character file.

Game seed: 12858329111682883351

1480 Irenicus the Geomancer (level 8, 0/62 HPs)
             Began as a Deep Dwarf Earth Elementalist on Mar 5, 2019.
             Was a Follower of Makhleb.
             Splashed by a jelly's acid (7 damage)
             ... on level 6 of the Dungeon.
             The game lasted 00:26:52 (3134 turns).

Irenicus the Geomancer (DDEE)                       Turns: 3134, Time: 00:26:53

Health: 0/62       AC: -9    Str: 12    XL:     8   Next: 50%
Magic:  5/11       EV: 12    Int: 20    God:    Makhleb [*.....]
Gold:   164        SH:  0    Dex: 13    Spells: 1/13 levels left

rFire    . . .     SeeInvis .   u - +0 dagger
rCold    . . .     Gourm    .   (no shield)
rNeg     . . .     Faith    .   h - +3 leather armour
rPois    .         Spirit   .   (no helmet)
rElec    .         Reflect  .   g - +0 cloak
rCorr    .         Harm     .   (no gloves)
MR       +....                  (no boots)
Stlth    +++.......             (no amulet)
HPRegen  0.00/turn              i - +2 ring of intelligence
MPRegen  0.12/turn              (no ring)

@: corroded, non-regenerating, studying Short Blades
A: damage resistance, heal wounds, sense surroundings 1, no regeneration
a: Heal Wounds, Renounce Religion


You were on level 6 of the Dungeon.
You worshipped Makhleb.
Makhleb was aware of your devotion.
You were near starving.

You visited 2 branches of the dungeon, and saw 7 of its levels.

You collected 164 gold pieces.

Inventory:

Hand Weapons
 u - a +0 dagger (weapon)
   (You found it on level 5 of the Dungeon)
Missiles
 p - a throwing net {=f, !d}
Armour
 g - a +0 cloak (worn)
   (You found it on level 3 of the Dungeon)
 h - a +3 leather armour (worn)
   (You took it off a goblin on level 3 of the Dungeon)
 l - a scarf of cloud immunity
   (You found it on level 2 of the Dungeon)
Jewellery
 i - a +2 ring of intelligence (left hand)
   (You found it on level 1 of the Dungeon)
Wands
 k - a wand of digging (5)
   (You found it on level 6 of the Dungeon)
 s - a wand of random effects (17)
   (You found it on level 5 of the Dungeon)
Scrolls
 a - 6 scrolls of identify
 b - a scroll of remove curse {unknown}
 f - a scroll of amnesia
 j - a scroll of blinking {!r}
 n - 2 scrolls of magic mapping {!r}
 o - 3 scrolls of teleportation {unknown}
 r - a scroll of fear {unknown}
Potions
 c - 2 potions of agility
 m - a potion of haste
 q - a potion of might
 v - a potion of heal wounds {unknown}
Books
 t - a manual of Short Blades {!d}
   (You found it on level 6 of the Dungeon)
Comestibles
 d - 10 rations


   Skills:
 + Level 7.1 Short Blades
 - Level 2.2 Dodging
 - Level 5.4 Stealth
 - Level 3.2 Spellcasting
 - Level 2.0 Transmutations
 - Level 10.0 Earth Magic


You had one spell level left.
You knew the following spells:

 Your Spells              Type           Power        Failure   Level  Hunger
a - Sandblast             Erth           #####.       1%          1    None
c - Petrify               Tmut/Erth      ####....     14%         4    ####...
w - Passwall              Tmut/Erth      ####....     2%          2    ##.....
z - Lee's Rapid Deconstr  Erth           #####.....   9%          5    ######.

Your spell library contained the following spells:

 Spells                   Type           Power        Failure   Level  Hunger
 Confusing Touch          Hex            #.....       19%         1    None
 Stone Arrow              Conj/Erth      ###...       7%          3    ###....
 Confuse                  Hex            #.......     47%         3    ###....
 Gell's Gravitas          Tloc           #.........   47%         3    ###....
 Yara's Violent Unravell  Hex/Tmut       #.........   97%         5    ######.
 Metabolic Englaciation   Hex/Ice        #.........   99%         5    ######.


Dungeon Overview and Level Annotations

Branches:
Dungeon (6/15)             Temple (1/1) D:4

Altars:
Ashenzari
Cheibriados
Dithmenos
Elyvilon
Fedhas
Gozag
Hepliaklqana
Kikubaaqudgha
Makhleb
Nemelex Xobeh
Okawaru
Qazlal
Ru
Sif Muna
Trog
Uskayaw
Vehumet
Xom
Yredelemnul
Zin
The Shining One


Innate Abilities, Weirdness & Mutations

You are resistant to damage.
You can heal yourself by infusing magical energy.
You passively map a small area around you.
You do not regenerate.


Message History

Makhleb accepts your kill.
Things that are here:
a +0 club; a +0 ring mail
Aim: Prince Ribbit The bolt of poison hits Prince Ribbit!!
Prince Ribbit blinks!
Aim: Prince Ribbit (heavily wounded)
The blast of sand hits Prince Ribbit.
e - 2 stones You now have 3/11 mp.
Aim: Prince Ribbit (heavily wounded)
The blast of sand misses Prince Ribbit.
e - a stone Prince Ribbit hits you but does no damage.
You now have 2/11 mp.
Aim: Prince Ribbit (heavily wounded)
The fireball explodes!
The fireball engulfs Prince Ribbit!
The fireball engulfs you!
Prince Ribbit blinks!
You take 6 damage, and have 37/62 hp.
Aim: Prince Ribbit (severely wounded)
The mass of ice explodes!
The iceblast engulfs Prince Ribbit!
You kill Prince Ribbit!
Makhleb accepts your kill.
Your Short Blades skill gained 2 levels and is now at level 7!
A quokka comes into view.
Things that are here:
a tomahawk of returning; a tomahawk
Aim: a quokka The blast of sand hits the quokka!!
You kill the quokka!
Makhleb accepts your kill.
You feel better.
You now have no stones remaining.
The orc throws a tomahawk of returning.
The tomahawk of returning hits you but does no damage.
Aim: an orc, wielding a +0 hand axe and wearing a +0 leather armour (severely wounded)
You don't have any stones to cast with.
A jelly comes into view.
The jelly quivers.
The orc barely misses you.
You hit the orc.
You kill the orc!
Makhleb accepts your kill.
You feel better.
Items here: ( ) [[ †† a +0 hand axe; a tomahawk of returning; a +0 leather armour; a chain mail an orc corpse; a quokka corpse The jelly completely misses you.
You see here a wand of random effects (21).
Aim: a jelly The jelly flickers and vanishes!
Deactivating autopickup; reactivate with Ctrl-A.
Something hits you.
You are splashed with acid!
You take 6 damage, and have 33/62 hp.
Nothing appears to happen.
Something hits you but does no damage.
Nothing appears to happen.
Something hits you.
You are splashed with acid!
You take 4 damage, and have 29/62 hp.
Nothing appears to happen.
Something hits you.
You are splashed with acid.
Something hits you but does no damage.
You take 2 damage, and have 27/62 hp.
You barely miss something. Something hits you but does no damage.
You hit something. The acid corrodes you!
Your hands burn!
Something hits you but does no damage.
The bloodstain on the floor disappears!
Items here: ( ) [[ †† a +0 hand axe; a tomahawk of returning; a +0 leather armour; a chain mail an orc corpse; a quokka corpse Something hits you but does no damage.
Something barely misses you.
You see here a tomahawk of returning.
Things that are here:
a tomahawk of returning; a tomahawk Something hits you but does no damage.
Things that are here:
a +0 club; a +0 ring mail The bolt of poison hits something.
Something hits you.
You are splashed with acid.
You take 5 damage, and have 22/62 hp.
Something hits you. The acid corrodes you!
You are splashed with acid!
* * * LOW HITPOINT WARNING * * *
You take 7 damage, and have 15/62 hp.
Nothing appears to happen.
Something hits you.
* * * LOW HITPOINT WARNING * * *
The acid corrodes you!
You are splashed with acid.
* * * LOW HITPOINT WARNING * * *
Something hits you.
You are splashed with acid!
* * * LOW HITPOINT WARNING * * *
You take 10 damage, and have 5/62 hp.
You feel much better.
You regained 17 hp, and now have 22/62 hp.
You see here a glaive.
Something hits you.
You are splashed with acid!
* * * LOW HITPOINT WARNING * * *
You take 9 damage, and have 13/62 hp.
You hit something.
Your hands burn!
Something hits you.
* * * LOW HITPOINT WARNING * * *
You are splashed with acid!
* * * LOW HITPOINT WARNING * * *
You take 6 damage, and have 7/62 hp.
You fail to use your ability.
Something hits you. The acid corrodes you!
You are splashed with acid!
You die...

.#....#######...............#.###
.F..F..####....................>#
#..#).....................#...#.#
#..##........)§...........##### #
#..###......(###).##...........
#..# #......(# #.###.....######
#..# #.......# #.# #.....# #..#
#.......# #.# #.....# ...#
#......)###@# #.....# #+##
#####...##..###.....# *
#./......####.### *
,#...)....####.# ...............#
* ###.............#
#.............# **
#.............# , ...####.......#


There were no monsters in sight!

Vanquished Creatures
  Prince Ribbit (D:6)
  Menkaure (D:5)
  Duvessa (D:6)
  A bullfrog (D:6)
  A scorpion (D:6)
  Dowan (D:6)
  2 crimson imps (D:5)
  2 hounds
  5 orc priests
  A jelly (D:5)
  A bullfrog skeleton (D:5)
  2 iguanas
  3 orc wizards
  5 worker ants
  A worker ant zombie (D:5)
  10 adders
  11 gnolls
  An ooze (D:1)
  A worm (D:2)
  4 dart slugs
  A leopard gecko (D:1)
  13 orcs
  3 giant cockroaches
  8 goblins
  6 hobgoblins
  8 jackals
  A quokka (D:6)
  3 bats
  7 frilled lizards
  9 kobolds
  A quokka skeleton (D:4)
  4 rats
119 creatures vanquished.

Vanquished Creatures (others)
  A goblin (D:2)
1 creature vanquished.

Grand Total: 120 creatures vanquished

Notes
Turn   | Place    | Note
-------+----------+-------------------------------------------
     0 | D:1      | Irenicus the Deep Dwarf Earth Elementalist began the quest
                  | for the Orb.
     0 | D:1      | Reached XP level 1. HP: 15/15 MP: 3/3
   156 | D:1      | Reached XP level 2. HP: 20/22 MP: 0/4
   190 | D:1      | Learned a level 2 spell: Passwall
   304 | D:1      | Reached skill level 5 in Earth Magic
   557 | D:1      | Reached XP level 3. HP: 21/28 MP: 3/5
   902 | D:2      | Reached skill level 6 in Earth Magic
  1010 | D:2      | Found a white marble altar of Elyvilon.
  1061 | D:2      | Found a faded altar of an unknown god.
  1271 | D:2      | Reached XP level 4. HP: 14/36 MP: 0/6
  1355 | D:2      | Found a shadowy altar of Dithmenos.
  1355 | D:2      | Found a faded altar of an unknown god.
  1360 | D:2      | Found a blossoming altar of Fedhas.
  1362 | D:2      | Found a sacrificial altar of Ru.
  1363 | D:2      | Found a radiant altar of Vehumet.
  1409 | D:3      | HP: 2/36 [gnoll/+0 flail (9)]
  1411 | D:3      | Reached skill level 7 in Earth Magic
  1452 | D:3      | Irenicus: ?? scroll of noise
  1452 | D:3      | beem: scroll of noise[1/1]: Makes a lot of noise (25).
                  | There is generally little use for these, but they are
                  | louder than a shout. No longer breaks {mesmerise} status as
                  | of 0.19.
  1468 | D:3      | Found a bloodstained altar of Trog.
  1485 | D:3      | Reached XP level 5. HP: 27/42 MP: 1/7
  1579 | D:3      | Reached skill level 8 in Earth Magic
  1710 | D:3      | Reached XP level 6. HP: 18/49 MP: 0/8
  1773 | D:4      | Found a shimmering altar of Xom.
  1899 | D:4      | Reached skill level 2 in Spellcasting
  1899 | D:4      | Reached skill level 9 in Earth Magic
  1899 | D:4      | HP: 10/49 [orc wizard/puff of flame (3)]
  1946 | D:4      | Found a staircase to the Ecumenical Temple.
  1962 | Temple   | Entered the Ecumenical Temple
  2005 | Temple   | Became a worshipper of Makhleb the Destroyer
  2189 | D:4      | Learned a level 4 spell: Petrify
  2430 | D:5      | Entered Level 5 of the Dungeon
  2462 | D:5      | Reached skill level 3 in Spellcasting
  2462 | D:5      | Reached XP level 7. HP: 44/55 MP: 3/10
  2469 | D:5      | Learned a level 5 spell: Lee's Rapid Deconstruction
  2584 | D:5      | Reached skill level 1 in Transmutations
  2588 | D:5      | Reached skill level 10 in Earth Magic
  2608 | D:5      | Found a deep blue altar of Sif Muna.
  2644 | D:5      | Noticed Menkaure
  2687 | D:5      | Reached * piety under Makhleb
  2747 | D:5      | Reached skill level 3 in Stealth
  2762 | D:5      | HP: 13/55 [worker ant (2)]
  2766 | D:5      | Reached skill level 2 in Transmutations
  2855 | D:5      | Found an opulent altar of Gozag.
  2855 | D:5      | Found a hide-covered altar of Uskayaw.
  2876 | D:5      | Killed Menkaure
  2876 | D:5      | Reached skill level 4 in Stealth
  2888 | D:5      | Reached skill level 5 in Stealth
  2932 | D:6      | Noticed Dowan
  2934 | D:6      | Noticed Duvessa
  2946 | D:6      | Killed Dowan
  2946 | D:6      | Reached skill level 1 in Short Blades
  2970 | D:6      | Killed Duvessa
  2970 | D:6      | Reached skill level 3 in Short Blades
  2970 | D:6      | Reached XP level 8. HP: 32/62 MP: 0/11
  2979 | D:6      | Reached skill level 4 in Short Blades
  3015 | D:6      | Irenicus: ?? manual
  3015 | D:6      | beem: manual[1/3]: Manuals let you train a skill more
                  | efficiently. While you carry it you train that skill at
                  | double speed - half the 'skill points' coming from the
                  | manual. It was generated with 2000-3000 'skill points' and
                  | you cannot 'waste' it, you always get the full amount.
  3018 | D:6      | Found an iron altar of Okawaru.
  3059 | D:6      | Reached skill level 5 in Short Blades
  3082 | D:6      | Noticed Prince Ribbit
  3100 | D:6      | Killed Prince Ribbit
  3100 | D:6      | Reached skill level 7 in Short Blades
  3124 | D:6      | HP: 15/62 [acid (6)]
  3126 | D:6      | HP: 5/62 [acid (5)]
  3132 | D:6      | HP: 13/62 [acid (9)]
  3134 | D:6      | Splashed by a jelly's acid

Skill      XL: |  1  2  3  4  5  6  7  8 |
---------------+-------------------------+-----
Earth Magic    | 5 6 7 8 9 10 | 10.0
Spellcasting   | 3 |  3.2
Transmutations | 2 |  2.0
Stealth        | 5 |  5.4
Short Blades   | 3 7 |  7.1
Dodging        | |  2.2

Action                   |  1- 3 |  4- 6 |  7- 9 || total
-------------------------+-------+-------+-------++-------
Melee: Whip              |    27 |    87 |    69 ||   183
       Unarmed           |     1 |       |       ||     1
       Dagger            |       |       |    59 ||    59
 Cast: Sandblast         |    36 |    76 |    12 ||   124
       Passwall          |    15 |     8 |       ||    23
       Petrify           |       |       |     6 ||     6
       Lee's Rapid Decon |       |       |     5 ||     5
 Abil: Heal Wounds       |       |     4 |     6 ||    10
Evoke: Wand              |       |       |    30 ||    30
  Use: Potion            |       |     7 |     1 ||     8
       Scroll            |       |     1 |     3 ||     4
 Stab: Sleeping          |    10 |     1 |       ||    11
       Petrified         |       |       |    25 ||    25
       Petrifying        |       |       |     1 ||     1
  Eat: Chunk             |     2 |     5 |     5 ||    12
Armor: Leather armour    |     8 |    28 |    60 ||    96
Dodge: Dodged            |    21 |    75 |    92 ||   188

Levels and vault maps discovered:
D:1:      elethiomel_arrival_shortcut, layout_basic
D:2:      layout_loops_ring, elyvilon_altar_4,
          chequers_temple_overflow_minitemple, serial_rivers,
          chequers_serial_rivers_micro_d, chequers_serial_rivers_micro_b,
          chequers_serial_rivers_micro_d, chequers_serial_rivers_room_a,
          chequers_ecumenical_altar_lobes, minmay_door_square,
          uniq_crazy_yiuf_cottage
D:3:      layout_rooms, bloody_trog
D:4:      layout_loops_ring, lemuel_round_altar, minmay_temple_entry_water_ring,
          minmay_a_box_with_orc_wizards_in_it
D:5:      layout_rooms, lemuel_coloured_pillars_altar,
          gammafunk_temple_overflow_wave, first_ration, minmay_crystal_water,
          chequers_garden, guppyfry_early_lair_pool, uniq_menkaure
D:6:      layout_basic, kennysheep_mini_moat, gammafunk_ghost_nasty_kobolds,
          serial_shops, nicolae_shop_stone, minivault_14, minmay_manual_moon,
          uniq_prince_ribbit1, uniq_duvessa
Temple:   jpeg_temple_alley_garden

Table legend:
 A = Turns spent in this place as a percentage of turns spent in the entire game.
 B = Non-inter-level travel turns spent in this place as a percentage of non-inter-level travel turns spent in the entire game.
 C = Inter-level travel turns spent in this place as a percentage of turns spent in this place.
 D = Turns resting spent in this place as a percentage of non-inter-level travel turns spent in this place.
 E = Turns spent auto-exploring this place as a percentage of non-inter-level travel turns spent in this place.
 F = Non-inter-level travel turns spent in this place divided by the number of levels of this place that you've seen.
                   A       B       C       D       E      F
               +-------+-------+-------+-------+-------+----------------------
         Total | 100.0 | 100.0 |   0.0 |   0.0 |   0.0 | 447.7
       Dungeon |  97.3 |  97.3 |   0.0 |   0.0 |   0.0 | 508.2
        Temple |   2.7 |   2.7 |   0.0 |   0.0 |   0.0 |  85.0
               +-------+-------+-------+-------+-------+----------------------

Table legend:
 A = Kills in this place as a percentage of kills in entire the game.
 B = Kills by you in this place as a percentage of kills by you in the entire game.
 C = Kills by friends in this place as a percentage of kills by friends in the entire game.
 D = Other kills in this place as a percentage of other kills in the entire game.
 E = Experience gained in this place as a percentage of experience gained in the entire game.
 F = Experience gained in this place divided by the number of levels of this place that you have seen.
                   A       B       C       D       E      F
               +-------+-------+-------+-------+-------+----------------------
         Total | 100.0 | 100.0 |   N/A |   N/A | 100.0 | 302.1
       Dungeon | 100.0 | 100.0 |   N/A |   N/A | 100.0 | 352.5
               +-------+-------+-------+-------+-------+----------------------
